 Dungeon Crawl Stone Soup version 0.28.0-53-g5a82cb258f (webtiles) character file.

Game seed: 1643867765899152485

422093 Renzlar the Victor of a Thousand Battles (level 23, -5/243 HPs)
             Began as a Gnoll Fighter on Aug 6, 2022.
             Was the Champion of Okawaru.
             Killed by a royal mummy's death curse (28 damage)
             ... on level 4 of a ziggurat on Aug 7, 2022.
             The game lasted 05:53:48 (60869 turns).

Renzlar the Victor of a Thousand Battles (GnFi)    Turns: 60869, Time: 05:53:48

Health: -5/243     AC: 30    Str: 26    XL:     23   Next: 73%
Magic:  38/42      EV: 17    Int: 12    God:    Okawaru [******]
Gold:   4465       SH: 21    Dex: 10    Spells: 4/53 levels left

rFire   + . .      SeeInvis .   a - +8 war axe (flame)
rCold   + . .      Faith    .   F - +3 kite shield "Biatour" {rC+ Regen+ Str+8 Dex-4}
rNeg    + . .      Spirit   .   (armour currently unavailable)
rPois   ∞          Reflect  +   I - +2 hat {Will+}
rElec   +          Harm     .   S - +0 cloak of Vasimowk {Rampage Int-2 Stlth+}
rCorr   .          Rampage  +   (gloves currently unavailable)
Will    ++++.      Rage     1%  (boots currently unavailable)
Stlth   +++++++...              m - amulet of Jefuqil {Reflect rF+ Will+ Int+2 SH+5}
HPRegen 1.30/turn               T - ring of willpower
MPRegen 0.28/turn               z - +4 ring of slaying

@: statue-form, slowed, very slow
A: slow and powerful, torment resistance 1, boosted hp, fangs 1, strong nose,
distributed training, berserk 1, clumsy 1
}: 2/15 runes: decaying, serpentine
a: End Transformation, Renounce Religion, Heroism, Finesse, Duel


You were on level 4 of a ziggurat.
You worshipped Okawaru.
Okawaru was exalted by your worship.
You were a living statue of rough stone.
You visited 9 branches of the dungeon, and saw 43 of its levels.
You visited 1 ziggurat, and saw 4 of its levels.
You also visited: Ossuary.

You collected 6719 gold pieces.
You spent 2254 gold pieces at shops.

Inventory:

Hand Weapons
 a - a +8 war axe of flaming (weapon)
 b - the +7 broad axe of Dithmenos's Grace {vamp, rF+ rC+ Str+7}
   (You found it on level 14 of the Dungeon)

   It occasionally heals its wielder for a portion of the damage dealt when it
   wounds a living foe.
   Str:       It affects your strength (+7).
   rF:        It protects you from fire.
   rC:        It protects you from cold.
 c - the +11 hunting sling "Newtbane" {venom, Dex+9}
   (You bought it in a shop on level 6 of the Dungeon)

   Any ammunition fired from it poisons the flesh of those it strikes.
   Dex:       It affects your dexterity (+9).
 e - the +9 hunting sling of Vyn Quor {flame, rCorr}
   (You found it on level 4 of the Lair of Beasts)

   Any ammunition fired from it burns those it strikes, dealing additional fire
   damage.
   rCorr:     It protects you from acid and corrosion.
 k - the +11 dagger of the Wasteland {spect, Int+4}
   (You took it off a deep elf death mage on level 3 of the Elven Halls)

   When its wielder attacks, the weapon's spirit leaps out and strikes again.
   The spirit shares a part of any damage it takes with its wielder.
   Int:       It affects your intelligence (+4).
 B - the +11 hand crossbow of Zeatoichi {vorpal, rC- rN+ SInv}
   (You bought it in a shop on level 15 of the Dungeon)

   Any ammunition fired from it inflicts extra damage upon your enemies.
   rC:        It makes you vulnerable to cold.
   rN:        It protects you from negative energy.
   SInv:      It lets you see invisible.
 R - the +9 mace "Vuliluc" {elec, Str+7}
   (Okawaru gifted it to you on level 3 of the Elven Halls)

   It occasionally discharges a powerful burst of electricity upon striking a
   foe.
   Str:       It affects your strength (+7).
Missiles
 i - 633 stones
 n - 345 sling bullets
 o - 1325 bolts
 p - 24 curare-tipped darts (quivered)
Armour
 l - the +1 pair of boots "Syfegy" (melded) {Str+4 SInv}
   (Okawaru gifted it to you on level 2 of a ziggurat)

   Str:       It affects your strength (+4).
   SInv:      It lets you see invisible.
 x - the +4 ring mail "Qit Fape" (melded) {rElec rPois Int+4}
   (Okawaru gifted it to you on level 2 of the Snake Pit)

   Int:       It affects your intelligence (+4).
   rElec:     It insulates you from electricity.
   rPois:     It protects you from poison.
 F - the +3 kite shield "Biatour" (worn) {rC+ Regen+ Str+8 Dex-4}
   (Okawaru gifted it to you on level 14 of the Dungeon)

   Str:       It affects your strength (+8).
   Dex:       It affects your dexterity (-4).
   rC:        It protects you from cold.
   Regen:     It increases your rate of health regeneration.
 I - a +2 hat of willpower (worn)
 S - the +0 cloak of Vasimowk (worn) {Rampage Int-2 Stlth+}
   (Okawaru gifted it to you on level 6 of the Lair of Beasts)

   Int:       It affects your intelligence (-2).
   Rampage:   It bestows one free step when moving towards enemies.
   Stlth:     It makes you more stealthy.
 V - a +2 pair of boots of flying
 Z - a +2 pair of gloves of hurling (melded)
Jewellery
 m - the amulet of Jefuqil (around neck) {Reflect rF+ Will+ Int+2 SH+5}
   (You found it on level 9 of the Dungeon)

   [amulet of reflection]

   It reflects blocked missile attacks.
   Int:       It affects your intelligence (+2).
   rF:        It protects you from fire.
   SH:        It affects your SH (+5).
   Will:      It increases your willpower.
 z - a +4 ring of slaying (right fist)
 C - a ring of poison resistance
 E - a ring of positive energy
 O - a ring of ice
 P - a ring of resist corrosion
 Q - the ring "Kuagh" {rF+ AC+4 Int+6}
   (You acquired it on level 2 of a ziggurat)

   [ring of protection]

   AC:        It affects your AC (+4).
   Int:       It affects your intelligence (+6).
   rF:        It protects you from fire.
 T - a ring of willpower (left fist)
 W - the ring "Reimpaoc" {rElec Str-4 Int-3 Dex+10 SInv}
   (You took it off a tengu reaver on level 3 of the Vaults)

   [ring of see invisible]

   Str:       It affects your strength (-4).
   Int:       It affects your intelligence (-3).
   Dex:       It affects your dexterity (+10).
   rElec:     It insulates you from electricity.
   SInv:      It lets you see invisible.
Wands
 w - a wand of iceblast (37)
 K - a wand of digging (13)
 M - a wand of paralysis (44)
 N - a wand of acid (35)
 X - a wand of mindburst (24)
Scrolls
 d - 5 scrolls of magic mapping
 q - 7 scrolls of amnesia
 r - 10 scrolls of blinking
 s - 27 scrolls of teleportation
 t - 2 scrolls of enchant armour
 A - 25 scrolls of identify
 D - 3 scrolls of holy word
 G - 4 scrolls of fog
 U - 8 scrolls of fear
Potions
 f - 7 potions of heal wounds
 g - 16 potions of curing
 h - 8 potions of haste
 j - 5 potions of flight
 u - 2 potions of mutation
 v - 5 potions of cancellation
 y - a potion of brilliance
 H - 2 potions of invisibility
 J - 4 potions of might
 L - 4 potions of resistance
 Y - 2 potions of magic


   Skills:
 + Level 17.0 Fighting
 + Level 15.9 Short Blades
 + Level 15.9 Long Blades
 + Level 16.5 Axes
 + Level 15.9 Maces & Flails
 + Level 15.9 Polearms
 + Level 15.9 Staves
 + Level 15.9 Slings
 + Level 15.9 Bows
 + Level 15.9 Crossbows
 + Level 15.9 Throwing
 + Level 17.0 Armour
 + Level 15.9 Dodging
 + Level 15.9 Stealth
 + Level 17.0 Shields
 + Level 15.9 Unarmed Combat
 + Level 15.9 Spellcasting
 + Level 13.5 Conjurations
 + Level 13.5 Hexes
 + Level 13.5 Summonings
 + Level 13.5 Necromancy
 + Level 13.5 Translocations
 + Level 13.5 Transmutations
 + Level 13.5 Fire Magic
 + Level 13.5 Ice Magic
 + Level 13.5 Air Magic
 + Level 13.5 Earth Magic
 + Level 13.5 Poison Magic
 + Level 17.2 Invocations
 + Level 15.9 Evocations


You had 4 spell levels left.
You knew the following spells:

 Your Spells              Type           Power      Damage    Failure   Level
a - Olgreb's Toxic Radia  Pois           42%        N/A       1%          4
b - Wereblood             Tmut           42%        N/A       1%          2
c - Freezing Cloud        Conj/Ice/Air   21%        6-21      1%          5
d - Portal Projectile     Hex/Tloc       84%        N/A       1%          3
e - Borgnjor's Vile Clut  Necr/Erth      21%        N/A       1%          5
f - Lee's Rapid Deconstr  Erth           21%        3d13*     1%          5
g - Yara's Violent Unrav  Hex/Tmut       21%        3d10      1%          5
h - Statue Form           Tmut/Erth      28%        N/A       6%          6
i - Ignite Poison         Fire/Tmut/Pois 42%        N/A       1%          3
j - Sticky Flame          Conj/Fire      42%        2d6       1%          4
k - Storm Form            Tmut/Air       21%        N/A       34%         7

Your spell library contained the following spells:

 Spells                   Type           Power      Damage    Failure   Level
 Beastly Appendage        Tmut           84%        N/A       1%          1
 Foxfire                  Conj/Fire      100%       2x1d9     1%          1
 Magic Dart               Conj           100%       1d8       1%          1
 Slow                     Hex            100%       N/A       1%          1
 Sting                    Tmut/Pois      100%       1d8       1%          1
 Corpse Rot               Necr/Air       84%        N/A       1%          2
 Ensorcelled Hibernation  Hex/Ice        84%        N/A       1%          2
 Passwall                 Tmut/Erth      35%        N/A       1%          2
 Poisonous Vapours        Pois/Air       84%        N/A       1%          2
 Sublimation of Blood     Necr           42%        N/A       1%          2
 Confusing Touch          Hex            42%        N/A       1%          3
 Dazzling Flash           Conj/Hex       84%        N/A       1%          3
 Mephitic Cloud           Conj/Pois/Air  42%        N/A       1%          3
 Ozocubu's Armour         Ice            42%        N/A       1%          3
 Spider Form              Tmut/Pois      42%        N/A       1%          3
 Stone Arrow              Conj/Erth      84%        3d12      1%          3
 Swiftness                Air            42%        N/A       1%          3
 Vampiric Draining        Necr           42%        2d9       1%          3
 Anguish                  Hex/Necr       21%        N/A       1%          4
 Dispel Undead            Necr           42%        3d17      1%          4
 Fulminant Prism          Conj/Hex       21%        3d13      1%          4
 Hailstorm                Conj/Ice       42%        3d10      1%          4
 Ice Form                 Ice/Tmut       42%        N/A       1%          4
 Iskenderun's Mystic Bla  Conj/Tloc      42%        2d10      1%          4
 Leda's Liquefaction      Hex/Erth       21%        N/A       1%          4
 Petrify                  Tmut/Erth      42%        N/A       1%          4
 Alistair's Intoxication  Tmut/Pois      28%        N/A       1%          5
 Blade Hands              Tmut           21%        N/A       1%          5
 Excruciating Wounds      Necr           21%        N/A       1%          5
 Fireball                 Conj/Fire      21%        3d10      1%          5
 Iskenderun's Battlesphe  Conj           42%        2d9       1%          5
 Metabolic Englaciation   Hex/Ice        21%        N/A       1%          5
 Conjure Ball Lightning   Conj/Air       21%        3x3d6     6%          6
 Dispersal                Tloc           21%        N/A       6%          6
 Eringya's Noxious Bog    Tmut/Pois      21%        N/A       6%          6
 Iron Shot                Conj/Erth      21%        9d5       6%          6
 Starburst                Conj/Fire      21%        6d7       6%          6
 Enfeeble                 Hex            21%        N/A       34%         7
 Orb of Destruction       Conj           21%        9d8       34%         7
 Ozocubu's Refrigeration  Ice            21%        4d9       34%         7
 Disjunction              Tloc           21%        N/A       95%         8
 Lehudib's Crystal Spear  Conj/Erth      21%        10d6      95%         8
 Maxwell's Capacitive Co  Air            21%        ∞         95%         8
 Polar Vortex             Ice            21%        N/A       100%        9
 Shatter                  Erth           21%        3d19*     100%        9
 Call Imp                 Summ           Unusable   N/A       N/A         2
 Animate Armour           Summ/Erth      Unusable   N/A       N/A         4
 Summon Lightning Spire   Summ/Air       Unusable   N/A       N/A         4
 Death Channel            Necr           Unusable   N/A       N/A         6
 Simulacrum               Ice/Necr       Unusable   N/A       N/A         6
 Spellforged Servitor     Conj/Summ      Unusable   N/A       N/A         7
 Summon Hydra             Summ           Unusable   N/A       N/A         7

Dungeon Overview and Level Annotations

Branches:
Dungeon (15/15)            Temple (1/1) D:7            Lair (6/6) D:10
  Swamp (4/4) Lair:2        Snake (4/4) Lair:2        Slime (0/5) Lair:6
    Orc (2/2) D:11            Elf (3/3) Orc:2        Vaults (4/5) D:14
  Crypt (0/3) Vaults:3     Depths (4/4) D:15            Zot (0/5) Depths:4
Ossuary (visited)

Altars:
Ashenzari
Cheibriados
Dithmenos
Elyvilon
Fedhas
Gozag
Hepliaklqana
Kikubaaqudgha
Makhleb
Nemelex Xobeh
Okawaru
Qazlal
Ru
Sif Muna
Trog
Uskayaw
Vehumet
Wu Jian
Xom
Yredelemnul
Zin
The Shining One
Beogh

Shops:
D:5 ?   D:6 =(((=   D:7 *   D:8 ?   D:11 ?   D:13 ?   D:14 (   D:15 (   Orc:1 :
Orc:2 !:*(!   Elf:1 :   Snake:1 !*   Snake:2 ?   Snake:4 **   Vaults:4 :
Depths:1 :*::

Portals:
Hell: Depths:1 Depths:2 Depths:3 Depths:4
Abyss: Depths:1 Depths:3
Pandemonium: Orc:2 Depths:2
Trove: D:12 (give +6 demon blade)

Annotations:
Elf:2 1 runed translucent door


Innate Abilities, Weirdness & Mutations

You are a living statue of rough stone.
Your actions are slow, but your melee attacks are powerful.
You are resistant to unholy torment.
Your maximum health is greatly increased.
You are immune to poison.
Your equipment is partially melded.
You have very sharp teeth.
Your uncanny sense of smell can sniff out nearby items.
Your experience applies equally to all skills.
You tend to lose your temper in combat.
You are clumsy. (Dex -2)


Message History

The death scarab misses you. The death scarab closely misses you.
The royal mummy mumbles some strange words.
The death scarab bites you but does no damage.
The death scarab misses you.
The royal mummy hits you but does no damage.
You slice the royal mummy!! You burn the royal mummy! You bite the royal mummy.
The royal mummy is almost destroyed.
You hit the death scarab. You burn the death scarab.
You slice the death scarab!! You burn the death scarab.
You destroy the death scarab!
The death scarab's corpse disappears in a puff of smoke!
The death scarab bites you.
* * * LOW HITPOINT WARNING * * *
The death scarab drains your vigour!
You feel as though you will be slow longer.
You block the death scarab's attack. The death scarab misses you.
The death scarab barely misses you.
The royal mummy calls on the powers of darkness!
Your body is wracked with pain!
* * * LOW HITPOINT WARNING * * *
The emperor scorpion convulses! x3
Unknown command.
Unknown command.
Casting: Statue Form (mildly dangerous; 6% risk of failure)
Confirm with . or Enter, or press ? or * to list all spells.
Aiming: Sticky Flame (safe; 1% risk of failure)
Press: ? - help, Shift-Dir - straight line, f - royal mummy
Aim: a royal mummy (almost destroyed, 100% to hit)
The sticky flame hits the royal mummy!
The royal mummy is almost destroyed.
The royal mummy is covered in liquid flames!
The death scarab disappears in a puff of smoke!
The royal mummy burns! x2
You destroy the royal mummy!
Okawaru is honoured by your kill.
The emperor scorpion disappears in a puff of smoke! x3
The death scarab disappears in a puff of smoke!
You feel extremely nervous for a moment...
Pain shoots through your body!!
You die...

▓▓▓▓▓▓▓▓▓
▓▓▓.......▓▓▓
▓...........▓
▓"(.........▓
▓∩(.........▓
▓>((§§(§...∩▓
▓∩?§.8......▓
▓...§§......▓
▓...........▓
▓▓▓.......▓▓▓
▓▓▓▓▓▓▓▓▓


There were no monsters in sight!

Vanquished Creatures
  A royal mummy (Zig:4)
  Sojobo (Vaults:2)
  Saint Roka (Orc:2)
  A Killer Klown (Zig:2)
  3 golden dragons
  Nikola (Depths:2)
  The ghost of Wibiar the Rich, an adept GnFE of Gozag (Elf:3)
  A bone dragon (Depths:4)
  5 tentacled monstrosities
  A walking crystal tome (Depths:3)
  3 liches
  3 deep elf blademasters (Elf:2)
  An ancient champion (Vaults:3)
  Agnes (Vaults:2)
  Gastronok (D:8)
  6 tengu reavers
  2 sphinxes
  2 shadow dragons
  A draconian monk (Depths:4)
  Donald (Elf:1)
  Roxanne (Elf:2)
  A draconian knight (Depths:4)
  4 storm dragons
  A fenstrider witch (Swamp:3)
  9 nagarajas
  2 iron dragons
  8 deep elf sorcerers
  9 vault wardens
  6 fire giants
  7 frost giants
  Aizul (Swamp:1)
  A balrug (Depths:3)
  4 spectral caustic shrikes (Depths:2)
  A ghoul (Swamp:2)
  3 deep elf elementalists (Elf:3)
  7 ironbound preservers
  3 war gargoyles
  11 stone giants
  2 spriggan defenders (Depths:2)
  8 ironbound thunderhulks
  7 very ugly things
  5 eleionomae
  4 vampire knights
  4 deep elf demonologists
  A black draconian (Depths:4)
  A red draconian (Depths:4)
  4 yellow draconians (Depths:4)
  6 deep elf annihilators
  A white draconian (Depths:4)
  18 dire elephants
  A minotaur (Orc:2)
  Snorg (D:12)
  5 spark wasps
  A blizzard demon (Zig:1)
  6 deep elf death magi
  9 ettins
  8 fire dragons
  An eidolon (Vaults:3)
  A merfolk javelineer (Depths:1)
  6 deep elf high priests
  Fannar (Lair:3)
  2 merfolk impalers (Depths:1)
  8 great orbs of eyes
  A shambling mangrove (Swamp:4)
  Harold (D:8)
  3 vault guards (Vaults:1)
  9 naga warriors
  8 yaktaur captains
  8 ice dragons
  3 rakshasas
  22 hydras
  Erica (D:8)
  6 spriggan air magi
  16 anacondas
  A peacekeeper (Vaults:3)
  3 salamander tyrants (Snake:4)
  11 centaur warriors
  2 boulder beetles
  2 demonspawn (Orc:2)
  8 ironbound frosthearts
  An ogre mage (D:14)
  7 two-headed ogres
  3 alligators
  3 ghost crabs
  12 death yaks
  6 deep troll shamans
  2 death knights
  6 tengu warriors
  The ghost of Jod the Devastator, a journeyman DECj of Vehumet (Orc:2)
  6 deep troll earth magi
  6 orc high priests (Orc:2)
  5 spriggan berserkers
  A vampire mage (Vaults:3)
  33 dancing weapons
  Urug (Lair:6)
  11 naga sharpshooters
  9 shock serpents
  A sun demon (Depths:3)
  9 hell knights
  25 deep elf knights
  Sonja (D:11)
  The ghost of turdburglar the Blocker, a novice GnFi of Ashenzari (D:9)
  A fire crab (shapeshifter) (Elf:1)
  4 salamander mystics (Snake:4)
  5 iron trolls
  4 skeletal warriors (D:15)
  4 goliath frogs
  3 naga ritualists (Snake:4)
  A shadow demon (Depths:2)
  9 swamp dragons
  2 spriggan druids
  5 flayed ghosts
  36 deep trolls
  5 glowing orange brains
  11 wizards
  3 lindwurms (Swamp:4)
  40 deep elf zephyrmancers
  A harpy (shapeshifter) (D:10)
  11 deep elf archers
  2 bog bodies
  4 orc knights
  2 mana vipers
  3 phantasmal warriors
  2 tengu zombies (Vaults:1)
  16 ironbound convokers
  7 necromancers
  38 deep elf pyromancers
  3 will-o-the-wisps
  36 ugly things
  7 orc sorcerers
  2 manticores
  A fire giant zombie (Vaults:2)
  10 salamanders
  A cyclops (D:13)
  5 elephants (Lair:6)
  A black mamba (shapeshifter) (D:15)
  A rust devil (Depths:2)
  15 black mambas
  Maurice (D:11)
  12 vault sentinels
  Joseph (D:8)
  5 guardian serpents
  An apocalypse crab (Zig:2)
  4 centaur zombies
  A smoke demon (Depths:3)
  An orange demon (Orc:2)
  3 torpor snails
  2 gargoyles
  12 naga magi
  12 cane toads
  A kobold demonologist (D:12)
  6 tengu conjurers
  3 rime drakes
  6 komodo dragons
  An efreet (D:13)
  A hellwing (Orc:2)
  28 yaktaurs
  3 guardian mummies (Zig:4)
  3 bloated husks
  A meliai (shapeshifter) (D:14)
  A red devil (Depths:2)
  10 polar bears
  8 trolls
  16 hornets
  17 slime creatures
  Prince Ribbit (D:6)
  10 blink frogs
  7 tyrant leeches
  9 dream sheep
  An ettin zombie (Vaults:2)
  5 air elementals
  A shadow (D:9)
  A flying skull (Zig:4)
  A jumping spider (shapeshifter) (Elf:3)
  14 wyverns
  A centaur simulacrum (D:15)
  A ynoxinul (Depths:2)
  24 spriggans
  11 water elementals
  2 wraiths
  A culicivora (shapeshifter) (Depths:3)
  2 vampires (D:14)
  2 elf zombies (Vaults:1)
  An ushabti (Zig:4)
  54 yaks
  A neqoxec (Depths:2)
  2 fire elementals
  7 basilisks
  An elf simulacrum (Vaults:3)
  19 vampire mosquitoes
  A steam dragon (D:8)
  13 swamp worms
  3 wargs
  4 acid dragons
  26 nagas
  13 water moccasins
  28 orc warriors
  8 swamp drakes
  4 ice beasts
  A sky beast (D:7)
  8 black bears
  A sky beast (shapeshifter) (D:13)
  9 ogres
  28 wolves
  8 boggarts
  3 necrophages
  9 centaurs
  2 human skeletons
  A phantom (D:6)
  9 kobold brigands
  A human zombie (Vaults:3)
  12 bullfrogs
  3 scorpions
  3 gnoll sergeants
  5 earth elementals
  A hornet simulacrum (D:15)
  A wyvern skeleton (D:7)
  A water moccasin skeleton (D:5)
  A human simulacrum (Vaults:3)
  5 killer bees (D:9)
  3 wights (D:7)
  3 howler monkeys
  10 electric eels
  A bullfrog zombie (D:5)
  7 hounds
  2 jellies
  27 orc priests
  A gnoll shaman (D:8)
  2 bullfrog skeletons
  3 centaur skeletons
  An iguana (D:5)
  8 orc wizards
  A killer bee zombie (D:7)
  14 mummies
  2 howler monkey zombies
  25 gnolls
  A howler monkey skeleton (D:5)
  10 adders
  2 white imps
  2 ufetubi
  An adder skeleton (D:4)
  3 dart slugs
  76 orcs
  8 ball pythons
  3 endoplasms
  3 giant cockroaches
  7 goblins
  4 hobgoblins
  5 jackals (D:1)
  30 kobolds
  8 quokkas
  6 bats
  A frilled lizard (D:1)
  2 goblin skeletons (Ossuary)
  4 kobold skeletons (Ossuary)
  2 orc skeletons (Ossuary)
  4 rats
  11 rat skeletons (Ossuary)
  3 butterflies
1640 creatures vanquished.

Vanquished Creatures (collateral kills)
  A mummy (Ossuary)
1 creature vanquished.

Vanquished Creatures (others)
  A deep elf annihilator (Elf:3)
  A wizard (Vaults:4)
  A deep elf pyromancer (Elf:3)
  A will-o-the-wisp (Swamp:4)
  Psyche (D:10)
  A spriggan (Swamp:2)
  A swamp worm (Swamp:2)
  An orc wizard (Orc:2)
  A gnoll (D:11)
  14 foxfires
  31 fungi
  101 plants
155 creatures vanquished.

Grand Total: 1796 creatures vanquished

Notes
Turn   | Place    | Note
-------+----------+-------------------------------------------
     0 | D:1      | Renzlar the Gnoll Fighter began the quest for the Orb.
     0 | D:1      | Reached XP level 1. HP: 23/23 MP: 1/1
   421 | D:1      | Reached XP level 2. HP: 29/29 MP: 2/2
   845 | D:1      | Found a faded altar of an unknown god.
  1133 | D:2      | Reached XP level 3. HP: 35/35 MP: 2/4
  1268 | D:2      | Reached skill level 1 in Invocations
  1450 | D:2      | Reached skill level 1 in Short Blades
  1450 | D:2      | Reached skill level 1 in Long Blades
  1450 | D:2      | Reached skill level 1 in Maces & Flails
  1450 | D:2      | Reached skill level 1 in Polearms
  1450 | D:2      | Reached skill level 1 in Staves
  1450 | D:2      | Reached skill level 1 in Slings
  1450 | D:2      | Reached skill level 1 in Bows
  1450 | D:2      | Reached skill level 1 in Crossbows
  1450 | D:2      | Reached skill level 1 in Throwing
  1450 | D:2      | Reached skill level 1 in Dodging
  1450 | D:2      | Reached skill level 1 in Stealth
  1450 | D:2      | Reached skill level 1 in Unarmed Combat
  1450 | D:2      | Reached skill level 1 in Spellcasting
  1450 | D:2      | Reached skill level 1 in Evocations
  1662 | D:2      | Reached XP level 4. HP: 37/41 MP: 5/5
  1903 | D:3      | Found a stormy altar of Qazlal.
  2027 | D:3      | Found a blossoming altar of Fedhas.
  2532 | D:3      | Reached skill level 1 in Conjurations
  2532 | D:3      | Reached skill level 1 in Hexes
  2532 | D:3      | Reached skill level 1 in Summonings
  2532 | D:3      | Reached skill level 1 in Necromancy
  2532 | D:3      | Reached skill level 1 in Translocations
  2532 | D:3      | Reached skill level 1 in Transmutations
  2532 | D:3      | Reached skill level 1 in Fire Magic
  2532 | D:3      | Reached skill level 1 in Ice Magic
  2532 | D:3      | Reached skill level 1 in Air Magic
  2532 | D:3      | Reached skill level 1 in Earth Magic
  2532 | D:3      | Reached skill level 1 in Poison Magic
  2725 | D:4      | You fall into a shaft and drop 3 floors!
  2725 | D:7      | Noticed a centaur
  2731 | D:7      | Killed a centaur
  2732 | D:7      | Reached XP level 5. HP: 27/47 MP: 5/7
  2901 | D:7      | Noticed a water moccasin
  2912 | D:7      | Killed a water moccasin
  2913 | D:7      | Reached skill level 5 in Axes
  2913 | D:7      | Reached XP level 6. HP: 29/53 MP: 8/8
  3144 | D:7      | Found a sand-covered staircase.
  3149 | Ossuary  | Entered an ossuary
  3905 | Ossuary  | Reached XP level 7. HP: 59/59 MP: 10/10
  4151 | D:6      | Found a hide-covered altar of Uskayaw.
  4404 | D:6      | Found Jichopha's Jewellery Shop.
  4419 | D:6      | Found Namy's Antique Weapon Emporium.
  4425 | D:6      | Noticed Prince Ribbit
  4444 | D:6      | Killed Prince Ribbit
  4445 | D:6      | Reached XP level 8. HP: 16/67 MP: 10/12
  4804 | D:6      | Found Ruiho's Weapon Boutique.
  4819 | D:6      | Found Woastox's Antique Weapon Emporium.
  4903 | D:5      | Entered Level 5 of the Dungeon
  5357 | D:5      | Found a hazy altar of Hepliaklqana.
  5891 | D:6      | Bought a bone hunting sling for 162 gold pieces
  5891 | D:6      | Identified the +11 hunting sling "Newtbane" {venom, Dex+9}
                  | (You bought it in a shop on level 6 of the Dungeon)
  6351 | D:5      | Found Xaehyn's Magic Scroll Shoppe.
  6391 | D:5      | Reached XP level 9. HP: 72/72 MP: 14/14
  6816 | D:4      | Found a snail-covered altar of Cheibriados.
  7576 | D:6      | Found Hiojein's Jewellery Boutique.
  7721 | D:7      | Found Zuss's Gadget Gallery.
  8609 | D:7      | Found a staircase to the Ecumenical Temple.
  8618 | Temple   | Entered the Ecumenical Temple
  8733 | Temple   | Became a worshipper of Warmaster Okawaru
  8803 | D:8      | Found a broken altar of Ashenzari.
  8805 | D:8      | Found an ornate altar of the Wu Jian Council.
  8807 | D:8      | Found an ancient bone altar of Kikubaaqudgha.
  8812 | D:8      | Reached skill level 5 in Invocations
  8920 | D:8      | Noticed Harold
  8939 | D:8      | Reached * piety under Okawaru
  8940 | D:8      | Reached XP level 10. HP: 46/80 MP: 17/17
  9129 | D:8      | Killed Harold
  9130 | D:8      | Reached skill level 5 in Short Blades
  9130 | D:8      | Reached skill level 5 in Long Blades
  9130 | D:8      | Reached skill level 5 in Maces & Flails
  9130 | D:8      | Reached skill level 5 in Polearms
  9130 | D:8      | Reached skill level 5 in Staves
  9130 | D:8      | Reached skill level 5 in Slings
  9130 | D:8      | Reached skill level 5 in Bows
  9130 | D:8      | Reached skill level 5 in Crossbows
  9130 | D:8      | Reached skill level 5 in Throwing
  9130 | D:8      | Reached skill level 5 in Dodging
  9130 | D:8      | Reached skill level 5 in Stealth
  9130 | D:8      | Reached skill level 5 in Unarmed Combat
  9130 | D:8      | Reached skill level 5 in Spellcasting
  9130 | D:8      | Reached skill level 5 in Evocations
  9339 | D:8      | Found a white marble altar of Elyvilon.
  9525 | D:8      | Found a burning altar of Makhleb.
  9525 | D:8      | Noticed a balrug
  9541 | D:8      | Noticed Joseph
  9547 | D:8      | Killed Joseph
  9599 | D:8      | Noticed Gastronok
  9611 | D:8      | Killed Gastronok
  9741 | D:8      | Noticed Erica
  9755 | D:8      | Killed Erica
  9755 | D:8      | Reached ** piety under Okawaru
  9863 | D:8      | Reached XP level 11. HP: 87/87 MP: 19/19
  9985 | D:8      | Found Biyduc's Magic Scroll Boutique.
 10213 | D:9      | Reached *** piety under Okawaru
 10218 | D:9      | Reached skill level 5 in Conjurations
 10218 | D:9      | Reached skill level 5 in Hexes
 10218 | D:9      | Reached skill level 5 in Summonings
 10218 | D:9      | Reached skill level 5 in Necromancy
 10218 | D:9      | Reached skill level 5 in Translocations
 10218 | D:9      | Reached skill level 5 in Transmutations
 10218 | D:9      | Reached skill level 5 in Fire Magic
 10218 | D:9      | Reached skill level 5 in Ice Magic
 10218 | D:9      | Reached skill level 5 in Air Magic
 10218 | D:9      | Reached skill level 5 in Earth Magic
 10218 | D:9      | Reached skill level 5 in Poison Magic
 10421 | D:9      | Identified the amulet of Jefuqil {Reflect rF+ Will+ Int+2
                  | SH+5}
 10531 | D:9      | Found a large runed translucent door.
 10541 | D:9      | Found a large runed translucent door.
 10553 | D:9      | Noticed turdburglar's ghost (novice GnFi)
 10580 | D:9      | Killed turdburglar's ghost
 10580 | D:9      | Received a gift from Okawaru
 10982 | D:9      | Found a shadowy altar of Dithmenos.
 11141 | D:10     | Entered Level 10 of the Dungeon
 11987 | D:10     | Reached **** piety under Okawaru
 12004 | D:10     | Found a radiant altar of Vehumet.
 12068 | D:10     | Noticed a harpy
 12074 | D:10     | Killed a harpy
 12483 | D:10     | Found a shimmering altar of Xom.
 12729 | D:10     | Learned a level 4 spell: Olgreb's Toxic Radiance
 12759 | D:10     | Noticed Psyche
 12766 | D:10     | Killed Psyche
 13020 | D:10     | Found a staircase to the Lair.
 13281 | D:10     | Learned a level 2 spell: Wereblood
 13369 | Lair:1   | Entered Level 1 of the Lair of Beasts
 13713 | Lair:1   | Reached XP level 12. HP: 78/96 MP: 22/22
 13828 | Lair:1   | Reached ***** piety under Okawaru
 13896 | Lair:1   | You fall into a shaft and drop 1 floor!
 13904 | Lair:2   | Received a gift from Okawaru
 14050 | Lair:2   | Noticed a death yak
 14050 | Lair:2   | Noticed a death yak
 14050 | Lair:2   | Noticed a death yak
 14050 | Lair:2   | Noticed a death yak
 14050 | Lair:2   | Noticed a death yak
 14050 | Lair:2   | Noticed a death yak
 14061 | Lair:2   | Killed a death yak
 14065 | Lair:2   | Killed a death yak
 14070 | Lair:2   | Killed a death yak
 14077 | Lair:2   | Killed a death yak
 14084 | Lair:2   | Killed a death yak
 14094 | Lair:2   | Killed a death yak
 14274 | Lair:2   | Reached skill level 10 in Fighting
 14274 | Lair:2   | Reached skill level 10 in Armour
 14274 | Lair:2   | Reached skill level 10 in Shields
 14352 | Lair:2   | Identified the +8 spear of the Four Things {protect, rF+
                  | rC+}
 14579 | Lair:2   | Received a gift from Okawaru
 14707 | Lair:2   | Found a staircase to the Swamp.
 14783 | Lair:2   | Noticed a seven-headed hydra
 14800 | Lair:2   | Killed a one-headed hydra
 14850 | Lair:2   | Reached XP level 13. HP: 53/103 MP: 24/24
 15068 | Lair:2   | Found a staircase to the Snake Pit.
 15145 | Lair:2   | Identified the +5 kite shield of the Valley of Death {Harm
                  | rN++} (Okawaru gifted it to you on level 2 of the Lair of
                  | Beasts)
 15145 | Lair:2   | Received a gift from Okawaru
 17277 | Lair:3   | Noticed Fannar
 17332 | Lair:3   | Killed Fannar
 17653 | Lair:3   | Found a stormy altar of Qazlal.
 18368 | Lair:4   | Identified the +9 hunting sling of Vyn Quor {flame, rCorr}
 18663 | Lair:4   | Learned a level 5 spell: Freezing Cloud
 19734 | Lair:5   | Reached ****** piety under Okawaru
 20152 | Lair:5   | Identified the +2 ring mail "Qyssyshi" {rElec rF- Regen+
                  | Dex+3}
 20244 | Lair:5   | Identified the +4 mace of the New World {venom, rElec Dex+5
                  | Stlth-}
 20667 | Lair:6   | Entered Level 6 of the Lair of Beasts
 20724 | Lair:6   | Reached skill level 10 in Axes
 20724 | Lair:6   | Reached XP level 14. HP: 113/113 MP: 26/26
 20745 | Lair:6   | Identified the +0 cloak of Vasimowk {Rampage Int-2 Stlth+}
                  | (Okawaru gifted it to you on level 6 of the Lair of Beasts)
 20745 | Lair:6   | Received a gift from Okawaru
 21255 | Lair:6   | Noticed Urug
 21264 | Lair:6   | Killed Urug
 21842 | Lair:6   | Reached skill level 10 in Invocations
 22466 | Lair:6   | Learned a level 3 spell: Portal Projectile
 22680 | Lair:6   | Found a staircase to the Slime Pits.
 22848 | D:11     | Noticed Sonja
 22851 | D:11     | Killed Sonja
 22959 | D:11     | Found a staircase to the Orcish Mines.
 23147 | D:11     | Noticed Maurice
 23153 | D:11     | Killed Maurice
 23177 | D:11     | Received a gift from Okawaru
 23391 | D:11     | Found a huge runed translucent gate.
 23391 | D:11     | Found a huge runed translucent gate.
 23391 | D:11     | Found a huge runed translucent gate.
 23391 | D:11     | Found a huge runed translucent gate.
 23788 | D:11     | Found Likhloaw's Magic Scroll Boutique.
 24115 | D:11     | Identified the +1 robe "Boeraem" {Slay+2}
 24266 | Orc:1    | Entered Level 1 of the Orcish Mines
 24382 | Orc:1    | Found Levuk's Book Shop.
 24872 | Orc:2    | Entered Level 2 of the Orcish Mines
 24898 | Orc:2    | Noticed Jod's ghost (journeyman DECj)
 24921 | Orc:2    | Found a runed translucent gate.
 24921 | Orc:2    | Found a runed translucent gate.
 24921 | Orc:2    | Found a runed translucent gate.
 24956 | Orc:2    | Reached XP level 15. HP: 61/120 MP: 28/28
 24963 | Orc:2    | Killed Jod's ghost
 24963 | Orc:2    | Received a gift from Okawaru
 25218 | Orc:2    | Found Liaxtip's Antique Armour Shop.
 25360 | Orc:2    | Found Hoph's General Store.
 25367 | Orc:2    | Found Ehoumek's Distillery.
 25626 | Orc:2    | Found a staircase to the Elven Halls.
 25666 | Orc:2    | Found Ejosy's Distillery.
 25957 | Orc:2    | Noticed Saint Roka
 25999 | Orc:2    | Killed Saint Roka
 25999 | Orc:2    | Identified the +6 chain mail of the Other World {Drain rF+
                  | Stlth+} (Okawaru gifted it to you on level 2 of the Orcish
                  | Mines)
 25999 | Orc:2    | Received a gift from Okawaru
 26419 | Orc:2    | Reached skill level 10 in Short Blades
 26419 | Orc:2    | Reached skill level 10 in Long Blades
 26419 | Orc:2    | Reached skill level 10 in Maces & Flails
 26419 | Orc:2    | Reached skill level 10 in Polearms
 26419 | Orc:2    | Reached skill level 10 in Staves
 26419 | Orc:2    | Reached skill level 10 in Slings
 26419 | Orc:2    | Reached skill level 10 in Bows
 26419 | Orc:2    | Reached skill level 10 in Crossbows
 26419 | Orc:2    | Reached skill level 10 in Throwing
 26419 | Orc:2    | Reached skill level 10 in Dodging
 26419 | Orc:2    | Reached skill level 10 in Stealth
 26419 | Orc:2    | Reached skill level 10 in Unarmed Combat
 26419 | Orc:2    | Reached skill level 10 in Spellcasting
 26419 | Orc:2    | Reached skill level 10 in Evocations
 26741 | Orc:2    | Paralysed by an orc sorcerer for 6 turns
 27072 | Orc:2    | Found Gytsiwept's Antique Weapon Shop.
 27072 | Orc:2    | Found Goeqyvid's Book Boutique.
 27079 | Orc:2    | Found a one-way gate leading to the halls of Pandemonium.
 27713 | D:12     | Noticed Snorg
 27723 | D:12     | Killed Snorg
 28045 | D:12     | Found a portal to a secret trove of treasure.
 29013 | D:13     | Found Ricafol's Magic Scroll Emporium.
 29132 | D:13     | Found a hide-covered altar of Uskayaw.
 29533 | D:14     | Identified the +7 broad axe of Dithmenos's Grace {vamp, rF+
                  | rC+ Str+7}
 29560 | D:14     | Identified the +3 kite shield "Biatour" {rC+ Regen+ Str+8
                  | Dex-4} (Okawaru gifted it to you on level 14 of the
                  | Dungeon)
 29560 | D:14     | Received a gift from Okawaru
 29661 | D:14     | Found a gate to the Vaults.
 29781 | D:14     | Reached XP level 16. HP: 112/128 MP: 30/30
 29814 | D:14     | Found Wyubbenno's Antique Weapon Emporium.
 29960 | D:14     | Found a runed translucent door.
 30011 | D:14     | Learned a level 5 spell: Borgnjor's Vile Clutch
 30171 | D:15     | Entered Level 15 of the Dungeon
 30576 | D:15     | Found Dull's Weapon Shoppe.
 30644 | D:15     | Found a broken altar of Ashenzari.
 31080 | D:15     | Found a staircase to the Depths.
 31301 | Snake:1  | Entered Level 1 of the Snake Pit
 31753 | Snake:1  | Identified the +7 dagger "Uxocok" {freeze, rF+ Stlth+}
 31779 | Snake:1  | Found Leom's Overcharged Wands.
 31784 | Snake:1  | Received a gift from Okawaru
 31894 | Snake:1  | Found Peany's Distillery.
 32387 | Snake:2  | Identified the +4 ring mail "Qit Fape" {rElec rPois Int+4}
                  | (Okawaru gifted it to you on level 2 of the Snake Pit)
 32387 | Snake:2  | Received a gift from Okawaru
 32408 | Snake:2  | Learned a level 5 spell: Lee's Rapid Deconstruction
 33046 | Snake:2  | Found Fely's Magic Scroll Emporium.
 33049 | Snake:2  | Bought a scroll of enchant weapon for 127 gold pieces
 33277 | Snake:3  | Noticed a nagaraja
 33287 | Snake:3  | Killed a nagaraja
 33491 | Snake:3  | Noticed a nagaraja
 33515 | Snake:3  | Killed a nagaraja
 33806 | Snake:4  | Entered Level 4 of the Snake Pit
 33809 | Snake:4  | Noticed a nagaraja
 33823 | Snake:4  | Killed a nagaraja
 34052 | Snake:4  | Found Toinluwk's Neck Hole.
 34207 | Snake:4  | Reached XP level 17. HP: 136/136 MP: 32/32
 34370 | Snake:4  | Found Dauwear's General Store.
 34385 | Snake:4  | Bought a potion of might for 72 gold pieces
 34437 | Snake:4  | Received a gift from Okawaru
 35118 | Snake:4  | Received a gift from Okawaru
 35365 | Snake:4  | Reached skill level 10 in Conjurations
 35365 | Snake:4  | Reached skill level 10 in Hexes
 35365 | Snake:4  | Reached skill level 10 in Summonings
 35365 | Snake:4  | Reached skill level 10 in Necromancy
 35365 | Snake:4  | Reached skill level 10 in Translocations
 35365 | Snake:4  | Reached skill level 10 in Transmutations
 35365 | Snake:4  | Reached skill level 10 in Fire Magic
 35365 | Snake:4  | Reached skill level 10 in Ice Magic
 35365 | Snake:4  | Reached skill level 10 in Air Magic
 35365 | Snake:4  | Reached skill level 10 in Earth Magic
 35365 | Snake:4  | Reached skill level 10 in Poison Magic
 35871 | Snake:4  | Got a serpentine rune of Zot
 36069 | Swamp:1  | Entered Level 1 of the Swamp
 36413 | Swamp:1  | Noticed Aizul
 36428 | Swamp:1  | Killed Aizul
 37001 | Swamp:2  | Received a gift from Okawaru
 37002 | Swamp:2  | Reached XP level 18. HP: 132/144 MP: 34/34
 37817 | Elf:1    | Entered Level 1 of the Elven Halls
 37824 | Elf:1    | Received a gift from Okawaru
 37957 | Elf:1    | Learned a level 5 spell: Yara's Violent Unravelling
 38307 | Elf:1    | Identified the +6 glaive of Dried Tears {spect, Stlth+}
                  | (Okawaru gifted it to you on level 1 of the Elven Halls)
 38307 | Elf:1    | Received a gift from Okawaru
 39111 | Elf:1    | Noticed Donald
 39131 | Elf:1    | Killed Donald
 39267 | Elf:1    | Found Cues's Book Boutique.
 39363 | Elf:1    | Paralysed by an air elemental for 1 turns
 39381 | Elf:1    | Paralysed by an air elemental for 1 turns
 39387 | Elf:1    | Paralysed by an air elemental for 1 turns
 39389 | Elf:1    | Paralysed by an air elemental for 1 turns
 39396 | Elf:1    | Paralysed by an air elemental for 1 turns
 39405 | Elf:1    | HP: 7/146 [something/shard of ice (20)]
 39557 | Elf:1    | Received a gift from Okawaru
 39713 | Elf:1    | Found a runed translucent gate.
 39713 | Elf:1    | Found a runed translucent gate.
 39713 | Elf:1    | Found a runed translucent gate.
 39713 | Elf:1    | Found a runed translucent gate.
 39713 | Elf:1    | Found a runed translucent gate.
 39715 | Elf:1    | Found a runed translucent gate.
 39743 | Elf:1    | Received a gift from Okawaru
 40031 | Elf:2    | Noticed Roxanne
 40052 | Elf:2    | Killed Roxanne
 40062 | Elf:2    | Learned a level 6 spell: Statue Form
 40923 | Elf:2    | Reached XP level 19. HP: 152/152 MP: 35/35
 41045 | Elf:2    | Found a runed translucent door.
 41133 | Elf:2    | Found a runed translucent door.
 41919 | Elf:2    | Received a gift from Okawaru
 42269 | Elf:3    | Entered Level 3 of the Elven Halls
 42397 | Elf:3    | Found a runed translucent door.
 42397 | Elf:3    | Noticed Wibiar's ghost (adept GnFE)
 42431 | Elf:3    | Killed Wibiar's ghost
 42798 | Elf:3    | Paralysed by an air elemental for 1 turns
 43070 | Elf:3    | Identified the +9 mace "Vuliluc" {elec, Str+7} (Okawaru
                  | gifted it to you on level 3 of the Elven Halls)
 43070 | Elf:3    | Received a gift from Okawaru
 43320 | Elf:3    | Identified the +11 dagger of the Wasteland {spect, Int+4}
 43370 | Elf:3    | Identified the +0 pair of boots "Wovvo" {rElec rN+ MP+9
                  | Dex-5} (Okawaru gifted it to you on level 3 of the Elven
                  | Halls)
 43370 | Elf:3    | Received a gift from Okawaru
 43562 | Elf:3    | Identified the +10 scimitar of the Hidden Vale {drain, rN++
                  | Str+5 Dex-5}
 43702 | Elf:3    | Reached XP level 20. HP: 160/161 MP: 37/37
 44090 | Elf:3    | Found the +6 lightning scales {swift, rElec}
 45035 | Swamp:4  | Entered Level 4 of the Swamp
 45178 | Swamp:4  | Learned a level 3 spell: Ignite Poison
 45300 | Swamp:4  | Reached skill level 15 in Fighting
 45300 | Swamp:4  | Reached skill level 15 in Armour
 45300 | Swamp:4  | Reached skill level 15 in Shields
 45573 | Swamp:4  | Got a decaying rune of Zot
 46239 | Vaults:1 | Entered Level 1 of the Vaults
 46598 | Vaults:1 | Reached skill level 15 in Invocations
 46600 | Vaults:1 | Received a gift from Okawaru
 46753 | Vaults:1 | Received a gift from Okawaru
 47147 | Vaults:1 | Received a gift from Okawaru
 47819 | Vaults:1 | Found a radiant altar of Vehumet.
 47825 | Vaults:1 | Received a gift from Okawaru
 47831 | Vaults:1 | Identified the +0 robe "Qovo Luir" {Rampage rCorr Int-3}
 47864 | Vaults:1 | Identified the +1 robe "Ijiewuusch" {Will+ Int+4}
 48073 | Vaults:2 | Noticed Sojobo
 48083 | Vaults:2 | Noticed Agnes
 48095 | Vaults:2 | Paralysed by an air elemental for 1 turns
 48102 | Vaults:2 | Killed Sojobo
 48127 | Vaults:2 | Killed Agnes
 48400 | D:15     | Bought the +11 hand crossbow of Zeatoichi {vorpal, rC- rN+
                  | SInv} for 1029 gold pieces
 48645 | Vaults:2 | Reached XP level 21. HP: 166/169 MP: 39/39
 48653 | Vaults:2 | Received a gift from Okawaru
 48770 | Vaults:2 | Identified the +0 pair of boots of Dishonour {Contam Harm
                  | +Blink Str+3} (Okawaru gifted it to you on level 2 of the
                  | Vaults)
 48770 | Vaults:2 | Received a gift from Okawaru
 49983 | Vaults:2 | Reached skill level 15 in Axes
 50898 | Vaults:3 | Gained mutation: You are clumsy. (Dex -2) [you]
 51016 | Vaults:3 | Found a staircase to the Crypt.
 51180 | Vaults:3 | Received a gift from Okawaru
 51234 | Vaults:3 | Identified the +2 cloak of Cuodem {Rampage}
 51583 | Vaults:3 | Identified the ring "Reimpaoc" {rElec Str-4 Int-3 Dex+10
                  | SInv}
 51738 | Vaults:3 | Identified a scroll of acquirement
 51747 | Vaults:3 | Acquired the +2 pair of gloves "Qeto" {Harm rC++ Dex-3
                  | Stlth+}
 52896 | Vaults:4 | Reached XP level 22. HP: 178/178 MP: 38/40
 53181 | Vaults:4 | Identified the +0 ring mail "Arilya" {rF+ Regen+ Dex+6
                  | SInv}
 53834 | Vaults:4 | Found Qaod's Book Shoppe.
 53850 | Vaults:4 | Bought the Volume of the Icy Volcanoes for 864 gold pieces
 53855 | Vaults:4 | Learned a level 4 spell: Sticky Flame
 54075 | Depths:1 | Entered Level 1 of the Depths
 54075 | Depths:1 | Found Xagoust's Book Boutique.
 54140 | Depths:1 | Identified the +1 chain mail "Mugyamir" {-Tele Int+2 Dex+2}
 54186 | Depths:1 | Found Qekka's Book Emporium.
 54188 | Depths:1 | Found Feoneogg's Book Shoppe.
 54190 | Depths:1 | Found Poniyhuo's General Store.
 54328 | Depths:1 | Found a gateway to Hell.
 54355 | Depths:1 | Gained mutation: You tend to lose your temper in combat.
                  | [you]
 54485 | Depths:1 | Identified the +1 chain mail of Boredom {Regen+ rCorr}
 54579 | Depths:1 | Reached skill level 15 in Short Blades
 54579 | Depths:1 | Reached skill level 15 in Long Blades
 54579 | Depths:1 | Reached skill level 15 in Maces & Flails
 54579 | Depths:1 | Reached skill level 15 in Polearms
 54579 | Depths:1 | Reached skill level 15 in Staves
 54579 | Depths:1 | Reached skill level 15 in Slings
 54579 | Depths:1 | Reached skill level 15 in Bows
 54579 | Depths:1 | Reached skill level 15 in Crossbows
 54579 | Depths:1 | Reached skill level 15 in Throwing
 54579 | Depths:1 | Reached skill level 15 in Dodging
 54579 | Depths:1 | Reached skill level 15 in Stealth
 54579 | Depths:1 | Reached skill level 15 in Unarmed Combat
 54579 | Depths:1 | Reached skill level 15 in Spellcasting
 54579 | Depths:1 | Reached skill level 15 in Evocations
 54790 | Depths:1 | Identified the +10 quarterstaff "Jafos" {venom, rPois rN+++
                  | rCorr Dex-4} (Okawaru gifted it to you on level 1 of the
                  | Depths)
 54790 | Depths:1 | Received a gift from Okawaru
 54929 | Depths:1 | Found a shadowy altar of Dithmenos.
 55275 | Depths:1 | Found an ornate altar of the Wu Jian Council.
 55403 | Depths:1 | Found a one-way gate to the infinite horrors of the Abyss.
 55410 | Depths:1 | Acquired the Papyrus of Stones and Bewitchment
 55746 | Depths:2 | Noticed a golden dragon
 55770 | Depths:2 | Killed a golden dragon
 55834 | Depths:2 | Received a gift from Okawaru
 55937 | Depths:2 | Learned a level 7 spell: Storm Form
 55947 | Depths:2 | Received a gift from Okawaru
 56338 | Depths:2 | Identified the +7 trident of Expedience {venom, Dex+3}
                  | (Okawaru gifted it to you on level 2 of the Depths)
 56338 | Depths:2 | Received a gift from Okawaru
 56701 | Depths:2 | Found an opulent altar of Gozag.
 57063 | Depths:2 | Noticed Nikola
 57077 | Depths:2 | Killed Nikola
 57590 | Depths:3 | Reached XP level 23. HP: 146/186 MP: 42/42
 57710 | Depths:3 | Noticed a golden dragon
 57720 | Depths:3 | Killed a golden dragon
 57720 | Depths:3 | Identified the +1 pair of boots of the Dwarven Hall {rElec}
                  | (Okawaru gifted it to you on level 3 of the Depths)
 57720 | Depths:3 | Received a gift from Okawaru
 58091 | Depths:3 | Found a stormy altar of Qazlal.
 58436 | Depths:3 | Identified the +13 plate armour of Grand Fun {Harm SInv}
 58760 | Depths:3 | Noticed a golden dragon
 58781 | Depths:3 | Killed a golden dragon
 58879 | Depths:3 | Identified the ring of Butchery {rC++ EV+4 Slay-4}
 59047 | Depths:4 | Entered Level 4 of the Depths
 59049 | Depths:4 | Found a one-way gateway to a ziggurat.
 59755 | Depths:4 | Received a gift from Okawaru
 59976 | Depths:4 | Found a gate to the Realm of Zot.
 60674 | Zig:1    | Entered Level 1 of a ziggurat
 60702 | Zig:2    | Entered Level 2 of a ziggurat
 60703 | Zig:2    | Noticed a Killer Klown
 60725 | Zig:2    | Killed a Killer Klown
 60725 | Zig:2    | Identified the +1 pair of boots "Syfegy" {Str+4 SInv}
                  | (Okawaru gifted it to you on level 2 of a ziggurat)
 60725 | Zig:2    | Received a gift from Okawaru
 60757 | Zig:2    | Identified the +1 robe "Vesesubb" {*Slow rCorr Slay+6}
 60767 | Zig:2    | Acquired the ring "Kuagh" {rF+ AC+4 Int+6}
 60784 | Zig:3    | Entered Level 3 of a ziggurat
 60822 | Zig:4    | Entered Level 4 of a ziggurat
 60852 | Zig:4    | Noticed a royal mummy
 60869 | Zig:4    | Killed a royal mummy
 60869 | Zig:4    | Killed by a royal mummy's death curse

Illustrated notes

Levels and vault maps discovered:
D:1:      lemuel_arrival_rhombus, layout_loops_ring,
          shapermc_ecumenical_altar_acropolis
D:2:      layout_loops_ring
D:3:      layout_loops_ring, grunt_temple_overflow_forces_of_nature
D:4:      layout_basic, lemuel_round_altar
D:5:      layout_layer_cave, general_overflow_altar, kennysheep_diamond,
          cheibrodos_gnoll_hut
D:6:      layout_loops_corners, mainiacjoe_overflow_chevrons, serial_shops,
          shop_coins, shop_statue, shop, nicolae_shop_bloodbath_and_beyond,
          shop, uniq_prince_ribbit1
D:7:      layout_loops_corners, minmay_temple_entry_enclosed_plants,
          enter_ossuary_5, nicolae_shop_gadgets
D:8:      layout_basic, makhleb_altar_promises_db, elyvilon_altar_4,
          grunt_temple_overflow_open, serial_shops, nicolae_shop_behind_doors,
          sigmund_army, uniq_erica, uniq_harold, uniq_joseph, uniq_gastronok
D:9:      layout_loops_cross, nicolae_overflow_hidden_temple,
          ebering_ghost_disaster_area
D:10:     layout_basic, nicolae_overflow_crystal_walls,
          overflow_temple_1_default, lair_entry_dummy, serial_bayou,
          serial_bayou_ford_a, serial_bayou_lagoon_a, serial_bayou_lake_a,
          serial_bayou_pond_c, kennysheep_nub, uniq_psyche
D:11:     lemuel_bear_cage, layout_loops_ring,
          kennysheep_orc_monster_closet_entryway, serial_shops,
          nicolae_take_the_stairs, uniq_maurice, uniq_sonja
D:12:     layout_long_grid, nicolae_trove_entry_columns,
          chequers_serial_rivers_small_b, grunt_decor_cap,
          chequers_serial_rivers_small_a, uniq_snorg
D:13:     layout_big_octagon, serial_shops, shop, eat_drink_and_be_merry_uskayaw
D:14:     layout_roguey, david_vaults_1, serial_shops, shop_statue,
          kennysheep_treasure_room
D:15:     grunt_enter_depths_magical_seal, layout_loops_ring, serial_shops,
          nicolae_shop_hallway_plus, nicolae_ashenzari_skybound
Temple:   nicolae_temple_figure_zero
Lair:1:   layout_cave_pods, st_stairs_9
Lair:2:   layout_regular_city, swamp_mist, minmay_snake_entry_guardpost_medium
Lair:3:   layout_misc_corridors, basic_altar, lemuel_fruit_fields, uniq_fannar
Lair:4:   layout_long_grid, serial_forest, infiniplex_forest_lined_3_way,
          infiniplex_forest_join, infiniplex_forest_end_3,
          infiniplex_forest_straight_4, chequers_serial_rivers_large_b,
          lemuel_fruit_fields
Lair:5:   layout_cave_shapes, serial_forest, infiniplex_forest_clump_small,
          infiniplex_forest_clump_small, infiniplex_forest_fountain,
          infiniplex_forest_end_2, infiniplex_forest_clump_curved,
          infiniplex_forest_clump_cross, infiniplex_forest_straight_4,
          infiniplex_forest_zigzag_1, infiniplex_forest_straight_5
Lair:6:   minmay_lair_end_enchanted_forest, layout_cave_pods, slime_dummy,
          minivault_27, serial_bayou_shore_a, infiniplex_staircase_pool_2,
          uniq_urug
Swamp:1:  layout_falls_marsh, serial_swamp_ruin, evilmike_swamp_ruin_wall,
          evilmike_swamp_ruin_house_5, uniq_aizul
Swamp:2:  layout_basic_swamp, nicolae_swamp_fairy_circle,
          infiniplex_staircase_pool
Swamp:3:  layout_basic_swamp, evilmike_swamp_ruin_house_1
Swamp:4:  swamp_alternative, layout_basic_swamp, swamp_pool5,
          nicolae_swamp_some_circles
Snake:1:  layout_cave_pods, serial_shops, shop_statue,
          nicolae_shop_overcharged_wands
Snake:2:  layout_misc_corridors, serial_shops, shop
Snake:3:  layout_cave_shapes
Snake:4:  grunt_snake_rune_serpentine_throne, layout_rooms, serial_shops,
          nicolae_shop_waterfront, nicolae_shop_sticking_my_neck_out
Orc:1:    layout_caves, serial_shops, nicolae_shop_trees, minmay_orc_temple_a
Orc:2:    pf_orc_diabolical, layout_diamond_mine, serial_shops, shop, shop,
          maelrawn_ghost_gauntlet_escape, mines_bat_river, uniq_saint_roka
Elf:1:    eino_elf_arrival_the_gate, layout_gridlike, serial_shops,
          nicolae_diamond_shop, orc_legates, amcnicky_mini_pool_small,
          st_stairs_1, nicolae_elf_glassroom_feature, grunt_megastairs_2,
          uniq_donald
Elf:2:    nicolae_elf_blades_splatter_lattice
          [nicolae_blade_entry_splitting_headache], layout_onion_city,
          uniq_roxanne
Elf:3:    minmay_elf_hall_spiked, layout_rooms, hellmonk_ghost_happy_afterlife,
          corexii_checkpoint_a
Vaults:1: vaults_room_fancy_cross, nicolae_vaults_stairing_the_circle,
          nicolae_vaults_network_quinsquares
          [nicolae_vaults_network_quincunx_subvault,
          nicolae_vaults_network_quincunx_subvault,
          nicolae_vaults_network_quincunx_subvault,
          nicolae_vaults_network_quincunx_subvault], grunt_tower_of_power,
          vaults_room_grunt_arrival_ludios, vaults_standard_mumra_lines,
          vaults_room_corners, grunt_vaults_hallway_short,
          ontoclasm_vaults_chip, layout_vaults_ring
Vaults:2: nicolae_vaults_ring_of_whatevers, ontoclasm_vaults_tryst,
          nicolae_vaults_windows_and_doors_thing, v_misc_2, v_misc_22,
          v_misc_27, ontoclasm_vaults_hangar, nicolae_vaults_diagonal_hallway_8,
          sword_in_stone, layout_vaults_quadrants
Vaults:3: v_misc_9, minmay_crypt_entry_simple_corners, vaults_room_semicircle,
          hangedman_vaults_hat, nicolae_vaults_good_morning_starshine,
          nicolae_vaults_little_squares_4, vaults_dpeg_spiral, v_alt_pattern_6,
          v_misc_8, grunt_vaults_twisty, hangedman_vaults_trim, v_misc_26,
          layout_vaults_maze_bifur
Vaults:4: hangedman_vaults_locks, grunt_vaults_trifunnel,
          hangedman_vaults_stretched_pinwheel, ontoclasm_vaults_twist,
          ontoclasm_vaults_ligature, nicolae_vaults_ring_of_whatevers,
          nicolae_vaults_little_squares_6, vaults_room_semicircle,
          layout_vaults_omnicross, serial_shops, nicolae_square_shop
Depths:1: layout_gridlike, nicolae_wu_jian_immortal_techniques,
          abyss_entry_crystal, serial_shops, nicolae_shop_waterfront,
          hell_entry, hex_medium, nicolae_dithmenos_through_a_glass_darkly,
          serial_bayou_shore_b, minmay_shop_star, kennysheep_random_hallway
Depths:2: nicolae_hexawheel, layout_gridlike, grunt_gozag_statues,
          rand_demon_pan_entry_8, pf_hell_entry_tar_river,
          infiniplex_staircase_river, uniq_nikola
Depths:3: cheibrodos_leafed_vault, layout_cave_shapes, lightli_too_deep,
          abyss_entry, nicolae_qazlal_scattered_showers, patterned_corridor,
          infiniplex_staircase_split_hallway
Depths:4: grunt_zot_entry_gee_three, layout_basic, enter_ziggurat_d,
          minmay_misc_feat_columns, grunt_hell_entry_dis_old
Zig:4

Skill      XL: |  1  2  3  4  5  6  7  8  9 10 11 12 13 14 15 16 17 18 19 20 21 22 23 |
---------------+----------------------------------------------------------------------+-----
Invocations    | 1 2 3 4 5 6 7 8 9 10 11 12 13 14 15 16 17 | 17.2
Short Blades   | 1 2 3 4 5 6 7 8 9 10 11 12 13 14 15 | 15.9
Long Blades    | 1 2 3 4 5 6 7 8 9 10 11 12 13 14 15 | 15.9
Maces & Flails | 1 2 3 4 5 6 7 8 9 10 11 12 13 14 15 | 15.9
Polearms       | 1 2 3 4 5 6 7 8 9 10 11 12 13 14 15 | 15.9
Staves         | 1 2 3 4 5 6 7 8 9 10 11 12 13 14 15 | 15.9
Slings         | 1 2 3 4 5 6 7 8 9 10 11 12 13 14 15 | 15.9
Bows           | 1 2 3 4 5 6 7 8 9 10 11 12 13 14 15 | 15.9
Crossbows      | 1 2 3 4 5 6 7 8 9 10 11 12 13 14 15 | 15.9
Throwing       | 1 2 3 4 5 6 7 8 9 10 11 12 13 14 15 | 15.9
Dodging        | 1 2 3 4 5 6 7 8 9 10 11 12 13 14 15 | 15.9
Stealth        | 1 2 3 4 5 6 7 8 9 10 11 12 13 14 15 | 15.9
Unarmed Combat | 1 2 3 4 5 6 7 8 9 10 11 12 13 14 15 | 15.9
Spellcasting   | 1 2 3 4 5 6 7 8 9 10 11 12 13 14 15 | 15.9
Evocations     | 1 2 3 4 5 6 7 8 9 10 11 12 13 14 15 | 15.9
Conjurations   | 1 2 3 4 5 6 7 8 9 10 11 12 13 | 13.5
Hexes          | 1 2 3 4 5 6 7 8 9 10 11 12 13 | 13.5
Summonings     | 1 2 3 4 5 6 7 8 9 10 11 12 13 | 13.5
Necromancy     | 1 2 3 4 5 6 7 8 9 10 11 12 13 | 13.5
Translocations | 1 2 3 4 5 6 7 8 9 10 11 12 13 | 13.5
Transmutations | 1 2 3 4 5 6 7 8 9 10 11 12 13 | 13.5
Fire Magic     | 1 2 3 4 5 6 7 8 9 10 11 12 13 | 13.5
Ice Magic      | 1 2 3 4 5 6 7 8 9 10 11 12 13 | 13.5
Air Magic      | 1 2 3 4 5 6 7 8 9 10 11 12 13 | 13.5
Earth Magic    | 1 2 3 4 5 6 7 8 9 10 11 12 13 | 13.5
Poison Magic   | 1 2 3 4 5 6 7 8 9 10 11 12 13 | 13.5
Axes           | 5 6 7 8 9 10 11 12 13 14 15 16 | 16.5
Fighting       | 7 8 9 10 11 12 13 14 15 16 17 | 17.0
Armour         | 7 8 9 10 11 12 13 14 15 16 17 | 17.0
Shields        | 7 8 9 10 11 12 13 14 15 16 17 | 17.0

Action                   |  1- 3 |  4- 6 |  7- 9 | 10-12 | 13-15 | 16-18 | 19-21 | 22-24 || total
-------------------------+-------+-------+-------+-------+-------+-------+-------+-------++-------
Melee: War axe           |    77 |       |    13 |   332 |   663 |   116 |    75 |   109 ||  1385
       Bite              |     3 |    12 |    15 |    45 |    89 |   114 |   112 |    91 ||   481
       Long sword        |    19 |   123 |   144 |       |       |       |       |       ||   286
       Hand axe          |       |       |     5 |       |       |       |       |       ||     5
       Dagger            |       |       |       |       |     1 |     5 |    40 |    14 ||    60
       Spear             |       |       |       |       |     1 |       |       |       ||     1
       Broad axe         |       |       |       |       |    32 |   574 |   596 |   381 ||  1583
       Mace              |       |       |       |       |       |       |    22 |     1 ||    23
       Hunting sling     |       |       |       |       |       |       |     1 |       ||     1
       Unarmed           |       |       |       |       |       |       |       |    18 ||    18
       Punch             |       |       |       |       |       |       |       |     3 ||     3
 Fire: Hunting sling     |       |     6 |   171 |   222 |   775 |  1056 |  1009 |   493 ||  3732
       Hand crossbow     |       |       |       |       |       |       |    69 |    12 ||    81
Throw: Dart              |       |       |     1 |       |     4 |     1 |       |     7 ||    13
       Throwing net      |       |       |       |       |     4 |       |       |       ||     4
 Cast: Wereblood         |       |       |       |       |    27 |       |     1 |       ||    28
       Olgreb's Toxic Ra |       |       |       |       |     1 |       |    10 |     8 ||    19
       Portal Projectile |       |       |       |       |     2 |       |     6 |     1 ||     9
       Freezing Cloud    |       |       |       |       |       |    14 |    18 |     8 ||    40
       Yara's Violent Un |       |       |       |       |       |    11 |    20 |    11 ||    42
       Borgnjor's Vile C |       |       |       |       |       |     3 |       |       ||     3
       Statue Form       |       |       |       |       |       |       |    27 |    18 ||    45
       Ignite Poison     |       |       |       |       |       |       |     6 |    67 ||    73
       Storm Form        |       |       |       |       |       |       |       |     1 ||     1
       Sticky Flame      |       |       |       |       |       |       |       |     1 ||     1
Invok: Heroism           |       |       |       |     3 |     2 |     2 |     2 |       ||     9
       Finesse           |       |       |       |     1 |     1 |       |       |       ||     2
Evoke: Wand              |       |       |       |       |       |       |       |     1 ||     1
  Use: Scroll            |     3 |     8 |     7 |     7 |     5 |     4 |     3 |     6 ||    43
       Potion            |       |       |     1 |     1 |     2 |     3 |       |     2 ||     9
 Stab: Sleeping          |       |       |       |       |       |     5 |    11 |    13 ||    29
       Distracted        |       |       |       |       |       |       |     3 |     1 ||     4
Armor: Scale mail        |    35 |    36 |    23 |       |       |       |       |       ||    94
       Chain mail        |       |       |    74 |    90 |   218 |    43 |       |       ||   425
       Ring mail         |       |       |       |       |       |   134 |   137 |    69 ||   340
       Skin              |       |       |       |       |       |       |   169 |   176 ||   345
Dodge: Dodged            |    38 |    37 |    85 |    77 |   195 |   283 |   304 |   299 ||  1318
Block: Buckler           |    22 |    22 |    38 |       |       |       |       |       ||    82
       Tower shield      |       |       |    39 |   411 |    26 |       |       |       ||   476
       Reflection        |       |       |       |    10 |    12 |   108 |    49 |     8 ||   187
       Kite shield       |       |       |       |       |   823 |   713 |   797 |   552 ||  2885
       Other             |       |       |       |       |       |       |       |     3 ||     3
